 Dungeon Crawl Stone Soup version 0.27-a0-951-gae3e1deef5 (webtiles) character file.

Game seed: 16190514892413663647

242279 Charly the Brawler (level 18, -7/182 HPs)
             Began as a Troll Monk on Apr 11, 2021.
             Was a High Priest of Cheibriados.
             Mangled by a large slime creature (35 damage)
             ... on level 2 of the Pits of Slime.
             The game lasted 02:29:12 (10648 turns).

Charly the Brawler (Troll Monk)                    Turns: 10648, Time: 02:29:13

Health: -7/182     AC: 17    Str: 47    XL:     18   Next: 67%
Magic:  3/25       EV: 17    Int: 25    God:    Cheibriados [*****.]
Gold:   1544       SH: 18    Dex: 27    Spells: 15/25 levels left

rFire    + . .     SeeInvis .     - Unarmed
rCold    + . .     Faith    .   R - +3 kite shield {rC+}
rNeg     . . .     Spirit   .   F - +4 swamp dragon scales
rPois    +         Reflect  .   K - +1 hat
rElec    +         Harm     .   h - +1 cloak {rC+}
rCorr    +         Rampage  .   (gloves unavailable)
Will     +....                  (boots unavailable)
Stlth    +++.......             w - amulet "Idoun" {Acrobat Drain Int+4 Slay+3 Stlth+}
HPRegen  1.40/turn              O - ring "Cadan" {rCorr Str+5}
MPRegen  0.19/turn              z - ring "Lonaryl" {Fly rElec rF+ rC- Str+6}

@: flying, studying 2 skills, very slow
A: large, unfitting armour, claws 3, regeneration 1, shaggy fur 1, tough skin 1
}: 2/15 runes: barnacled, gossamer
a: Renounce Religion, Bend Time, Temporal Distortion, Slouch, Step From Time


You were on level 2 of the Pits of Slime.
You worshipped Cheibriados.
Cheibriados was extremely pleased with you.
You visited 7 branches of the dungeon, and saw 34 of its levels.
You also visited: Sewer, Gauntlet and Ice Cave.

You collected 2336 gold pieces.
You spent 792 gold pieces at shops.

Inventory:

Missiles
 a - 42 silver javelins (quivered)
 L - 4 curare-tipped darts
 W - 5 throwing nets
 X - 9 boomerangs of dispersal
 Y - 46 large rocks
Armour
 h - a +1 cloak of cold resistance (worn)
 F - +4 swamp dragon scales (worn)
 K - a +1 hat (worn)
 P - a +1 robe of the Archmagi
 R - a +3 kite shield of cold resistance (worn)
Magical Staves
 B - a staff of earth
Jewellery
 c - a ring of ice
 f - a ring of protection from fire
 i - a ring of see invisible
 k - a +6 ring of strength
 n - the ring "Uvoicri" {rElec rF+ rN+ Dex-5 SInv}
   (You took it off a minotaur in a Gauntlet)

   [ring of protection from fire]

   It affects your dexterity (-5).
   It protects you from fire.
   It insulates you from electricity.
   It protects you from negative energy.
   It lets you see invisible.
 w - the amulet "Idoun" (around neck) {Acrobat Drain Int+4 Slay+3 Stlth+}
   (You found it in a Gauntlet)

   [amulet of the acrobat]

   It increases your evasion while moving and waiting.
   It affects your intelligence (+4).
   It affects your accuracy and damage with ranged weapons and melee attacks
   (+3).
   It drains your maximum health when unequipped.
   It makes you more stealthy.
 z - the ring "Lonaryl" (right claw) {Fly rElec rF+ rC- Str+6}
   (You found it in a Gauntlet)

   [ring of strength]

   It affects your strength (+6).
   It protects you from fire.
   It makes you vulnerable to cold.
   It insulates you from electricity.
   It grants you flight.
 O - the ring "Cadan" (left claw) {rCorr Str+5}
   (You bought it in a shop on level 2 of the Orcish Mines)

   [ring of resist corrosion]

   It affects your strength (+5).
   It protects you from acid and corrosion.
 Z - the ring of Doubts {rN+ Int+5}
   (You found it in an ice cave)

   [ring of positive energy]

   It affects your intelligence (+5).
   It protects you from negative energy.
Wands
 d - a wand of digging (3)
 t - a wand of acid (5)
 v - a wand of paralysis (6)
 x - a wand of iceblast (2)
 G - a wand of flame (45)
 I - a wand of charming (11)
 Q - a wand of mindburst (8)
 S - a wand of polymorph (10)
Scrolls
 e - 11 scrolls of teleportation
 m - a scroll of immolation
 y - 2 scrolls of vulnerability
 D - 2 scrolls of blinking
 H - 2 scrolls of fear
 J - 5 scrolls of fog
 N - a scroll of holy word
 V - 4 scrolls of identify
Potions
 b - 6 potions of curing
 g - 2 potions of invisibility
 j - 2 potions of attraction
 l - 2 potions of resistance
 o - a potion of magic
 p - 6 potions of ambrosia
 q - 4 potions of heal wounds
 r - 9 potions of might
 s - 3 potions of brilliance
 u - 2 potions of flight
 A - 4 potions of lignification
 C - a potion of mutation
 U - a potion of cancellation
Miscellaneous
 E - a tin of tremorstones (2/2)
 M - a lightning rod (4/4)
 T - a phial of floods


   Skills:
 - Level 12.0 Fighting
 - Level 6.3 Throwing
 - Level 5.0 Armour
 - Level 9.2 Dodging
 - Level 1.0 Stealth
 - Level 9.0 Shields
 - Level 19.6 Unarmed Combat
 + Level 4.0 Spellcasting
 - Level 3.0 Hexes
 - Level 3.0 Necromancy
 - Level 5.0 Translocations
 * Level 4.4 Transmutations
 * Level 5.4 Earth Magic
 - Level 11.1 Invocations


You had 15 spell levels left.
You knew the following spells:

 Your Spells              Type           Power      Damage    Failure   Level
a - Apportation           Tloc           60%        N/A       1%          1
s - Slow                  Hex            20%        N/A       4%          2
A - Animate Skeleton      Necr           40%        N/A       3%          1
S - Statue Form           Tmut/Erth      19%        N/A       92%         6

Your spell library contained the following spells:

 Spells                   Type           Power      Damage    Failure   Level
 Corona                   Hex            22%        N/A       3%          1
 Gell's Gravitas          Tloc           15%        N/A       4%          3
 Portal Projectile        Hex/Tloc       50%        N/A       6%          3
 Ensorcelled Hibernation  Hex/Ice        24%        N/A       9%          2
 Foxfire                  Conj/Fire      20%        2x1d5     11%         1
 Summon Small Mammal      Summ           20%        N/A       11%         1
 Passage of Golubria      Tloc           N/A        N/A       14%         4
 Petrify                  Tmut/Erth      29%        N/A       14%         4
 Inner Flame              Hex/Fire       12%        N/A       19%         3
 Leda's Liquefaction      Hex/Erth       13%        N/A       21%         4
 Conjure Flame            Conj/Fire      5%         6-21      32%         3
 Cause Fear               Hex            10%        N/A       32%         4
 Animate Armour           Summ/Erth      36%        N/A       36%         4
 Manifold Assault         Tloc           30%        N/A       36%         5
 Borgnjor's Vile Clutch   Necr/Erth      13%        N/A       50%         5
 Sticky Flame             Conj/Fire      5%         2d3       73%         4
 Summon Lightning Spire   Summ/Air       5%         N/A       73%         4
 Irradiate                Conj/Tmut      8%         3d16      77%         5
 Silence                  Hex/Air        6%         N/A       86%         5
 Dispersal                Tloc           15%        N/A       91%         6
 Blade Hands              Tmut           13%        N/A       95%         6
 Fireball                 Conj/Fire      2%         3d4       97%         5
 Conjure Ball Lightning   Conj/Air       2%         3x3d6     100%        6
 Shadow Creatures         Summ           N/A        N/A       100%        6
 Dragon Form              Tmut           13%        N/A       100%        7
 Disjunction              Tloc           15%        N/A       100%        8
 Tornado                  Air            2%         N/A       100%        9


Dungeon Overview and Level Annotations

Branches:
Dungeon (15/15)            Temple (1/1) D:7            Lair (6/6) D:9
 Shoals (4/4) Lair:3       Spider (4/4) Lair:3        Slime (2/5) Lair:6
    Orc (2/2) D:9             Elf (0/3) Orc:2        Vaults (0/5) D:13
  Sewer (visited)           IceCv (visited)         Gauntlet (visited)
 Depths: D:15

Altars:
Ashenzari
Cheibriados
Dithmenos
Fedhas
Gozag
Hepliaklqana
Makhleb
Qazlal
Ru
Trog
Uskayaw
Vehumet
Zin
The Shining One
Jiyva

Shops:
Orc:2 ***[

Annotations:
D:5 3 runed translucent doors, polve's ghost, novice DsAK
D:6 2 transporters
D:14 1 runed translucent door, Zenexuts's ghost, journeyman DsFi


Innate Abilities, Weirdness & Mutations

You are too large for most types of armour.
You have claws for hands.
Your natural rate of healing is unusually fast.
You are covered in fur. (AC +1)
You have tough skin. (AC +1)


Message History

Two slime creatures merge to form a large slime creature.
The azure jelly completely misses you. The azure jelly misses you.
You block the azure jelly's attack. x2
You scratch the azure jelly.
The azure jelly is lightly wounded.
The rockslime jiggles.
Two slime creatures merge to form a large slime creature.
You can feel time thicken for a moment.
You kill the jelly!
Cheibriados appreciates the change of pace.
You kill the jelly!
Cheibriados appreciates the change of pace.
Cheibriados lowers the support of your attributes as your movement quickens.
The azure jelly hits you but does no damage.
You block the azure jelly's attack. x3
Two slime creatures merge to form a very large slime creature.
The azure jelly closely misses you. The azure jelly misses you.
The azure jelly hits you but does no damage.
The azure jelly hits you. The azure jelly hits you!
The azure jelly freezes you! You resist. You block the azure jelly's attack.
The azure jelly hits you but does no damage.
The azure jelly barely misses you.
You can feel time thicken for a moment.
Cheibriados lowers the support of your attributes as your movement quickens.
You block the azure jelly's attack. x2; The azure jelly misses you.
The azure jelly completely misses you.
You block the large slime creature's attack.
The azure jelly hits you but does no damage.
You block the azure jelly's attack. The azure jelly completely misses you.
The azure jelly hits you but does no damage.
The azure jelly hits you. The azure jelly freezes you!! You resist.
* * * LOW HITPOINT WARNING * * *
The azure jelly closely misses you.
The azure jelly hits you but does no damage.
The azure jelly hits you!
* * * LOW HITPOINT WARNING * * *
You barely miss the azure jelly.
The azure jelly is severely wounded.
The large slime creature hits you!!
You die...

#.<.# ## #...#
##.###...#
#...#....# .
#..#.....### ..
.........#.#...
...#...........
...#.#.JJ......
...^....@J.....(
#........J....##
..........J#..#
...............#
.......##..##.#.
....... ### ..
....... . ......


You could see 2 azure jellies, a very large slime creature, a large slime
creature and a rockslime.

Vanquished Creatures
  Bai Suzhen (Shoals:4)
  Nikola (Shoals:4)
  An Ice Fiend (IceCv)
  7 acid blobs
  Polyphemus (Shoals:2)
  Kirke (D:12)
  6 azure jellies
  3 ghost moths
  3 rockslimes (Slime:2)
  2 emperor scorpions (Spider:4)
  A stone giant (Shoals:3)
  3 quicksilver oozes
  An ironbound preserver (D:13)
  4 spark wasps
  A minotaur (Gauntlet)
  3 entropy weavers
  6 merfolk javelineers
  A fire dragon (D:15)
  Josephine (D:12)
  10 merfolk impalers
  6 hydras
  2 great orbs of eyes
  3 boulder beetles (D:12)
  4 catoblepae
  3 ogre magi
  A merfolk avatar (Shoals:3)
  An alligator snapping turtle (Shoals:2)
  5 centaur warriors
  2 death knights
  4 merfolk aquamancers (Shoals:4)
  6 satyrs
  7 death yaks
  10 two-headed ogres
  A deep troll shaman (Lair:6)
  8 death scarabs (Spider:4)
  An orc high priest (Orc:2)
  3 tengu warriors
  Sonja (Lair:2)
  9 sea snakes
  2 deep trolls (Orc:2)
  15 harpies
  A deep elf zephyrmancer (D:15)
  A phantasmal warrior (D:15)
  2 deep elf pyromancers
  11 fauns
  4 spectral wolf spiders (Spider:4)
  14 ugly things
  9 wolf spiders
  5 orb spiders
  3 wolf spider zombies (Spider:4)
  3 moths of wrath
  8 manticores
  14 cyclopes
  11 elephants (Lair:6)
  A smoke demon (Gauntlet)
  10 merfolk sirens
  2 ice statues (Shoals:3)
  5 water nymphs
  7 cane toads
  2 gargoyles
  5 black mambas
  2 torpor snails (Spider:3)
  8 komodo dragons
  Maggie (D:9)
  Psyche (D:12)
  A yaktaur (shapeshifter) (D:14)
  2 rime drakes
  9 spectral redbacks (Spider:4)
  2 anaconda simulacra (IceCv)
  8 demonic crawlers
  2 redback zombies (Spider:4)
  7 freezing wraiths
  6 ice devils (IceCv)
  3 wind drakes
  26 merfolk
  2 wolf spider simulacra
  21 jumping spiders
  10 trolls
  6 polar bears
  2 spectral jumping spiders (Spider:4)
  6 blink frogs (Lair:3)
  A spectral tarantella (Spider:4)
  2 jumping spider zombies (Spider:4)
  38 slime creatures
  3 hornets (Spider:4)
  A tarantella zombie (Spider:4)
  8 snapping turtles
  17 dream sheep
  60 redbacks
  4 shadows (Gauntlet)
  4 centaur simulacra
  A dire elephant simulacrum (IceCv)
  13 water elementals (Shoals:4)
  32 yaks
  16 tarantellas
  A wyvern (Lair:3)
  8 wraiths
  7 basilisks
  7 hogs (D:12)
  2 vampire mosquitoes (D:15)
  5 golden eyes (Slime:2)
  A steam dragon (D:6)
  A death yak simulacrum (IceCv)
  2 wargs (Orc:2)
  2 harpy simulacra (IceCv)
  2 iron troll simulacra (IceCv)
  7 hydra simulacra (IceCv)
  A spectral hornet (Spider:4)
  10 water moccasins
  A hornet zombie (Spider:4)
  6 black bears
  14 orc warriors
  An alligator simulacrum (IceCv)
  A sky beast (D:5)
  21 ogres
  19 wolves
  3 necrophages (D:7)
  An ettin simulacrum (IceCv)
  5 centaurs
  3 phantoms
  A kobold brigand (D:7)
  Blork the orc (D:4)
  13 bullfrogs
  A scorpion (D:6)
  A wyvern zombie (D:8)
  2 gnoll sergeants
  A swamp dragon simulacrum (IceCv)
  An elephant simulacrum (IceCv)
  A water moccasin skeleton (D:5)
  13 wights
  An electric eel (Lair:3)
  2 crimson imps (Gauntlet)
  3 centaur zombies
  A bullfrog zombie (D:5)
  7 hounds
  11 orc priests
  6 jellies
  A bullfrog skeleton (D:7)
  2 draconian simulacra (IceCv)
  3 centaur skeletons
  Terence (D:3)
  2 iguanas
  20 orc wizards
  A troll simulacrum (IceCv)
  A hound skeleton (D:4)
  A howler monkey zombie (D:6)
  8 gnolls
  6 adders
  A howler monkey skeleton (D:7)
  3 naga simulacra (IceCv)
  5 white imps (IceCv)
  5 ufetubi (IceCv)
  A dart slug (D:3)
  46 orcs
  2 bats
  5 endoplasms
  6 giant cockroaches
  4 goblins
  5 hobgoblins
  13 jackals
  2 quokkas (D:5)
  8 ball pythons
  6 frilled lizards
  15 kobolds
  A rat (D:3)
965 creatures vanquished.

Vanquished Creatures (collateral kills)
  A catoblepas (Lair:6)
1 creature vanquished.

Vanquished Creatures (others)
  A white imp (IceCv)
  An ufetubus (IceCv)
  15 fungi
  100 plants
117 creatures vanquished.

Grand Total: 1083 creatures vanquished

Notes
Turn   | Place    | Note
-------+----------+-------------------------------------------
     0 | D:1      | Charly the Troll Monk began the quest for the Orb.
     0 | D:1      | Reached XP level 1. HP: 22/22 MP: 0/0
    82 | D:1      | Reached XP level 2. HP: 29/29 MP: 1/1
   236 | D:2      | Found a faded altar of an unknown god.
   256 | D:2      | Found a burning altar of Makhleb.
   360 | D:2      | Reached XP level 3. HP: 36/36 MP: 2/2
   466 | D:1      | Reached skill level 4 in Unarmed Combat
   507 | D:3      | Reached XP level 4. HP: 45/45 MP: 3/3
   558 | D:3      | Noticed Terence
   564 | D:3      | Killed Terence
   626 | D:4      | Reached skill level 5 in Unarmed Combat
   630 | D:5      | Entered Level 5 of the Dungeon
   656 | D:4      | Reached XP level 5. HP: 53/53 MP: 4/4
   670 | D:4      | Noticed Blork the orc
   693 | D:4      | Killed Blork the orc
   804 | D:5      | Noticed a phantom
   818 | D:5      | Killed a phantom
   819 | D:5      | Reached skill level 6 in Unarmed Combat
   819 | D:5      | Reached XP level 6. HP: 54/62 MP: 5/5
   902 | D:6      | Noticed a steam dragon
   958 | D:5      | Found a glowing drain.
   971 | Sewer    | Entered a sewer
  1346 | D:5      | Reached XP level 7. HP: 65/71 MP: 6/6
  1354 | D:5      | Reached skill level 7 in Unarmed Combat
  1443 | D:4      | Identified the Almanac of Supportive Transformation
  1516 | D:5      | Found a runed translucent gate.
  1516 | D:5      | Found a runed translucent gate.
  1516 | D:5      | Noticed polve's ghost (novice DsAK)
  1518 | D:5      | Found a runed translucent gate.
  1565 | D:5      | Reached skill level 5 in Fighting
  1565 | D:5      | Reached skill level 1 in Shields
  1565 | D:5      | Reached skill level 8 in Unarmed Combat
  1627 | D:7      | Reached XP level 8. HP: 80/80 MP: 7/7
  1719 | D:6      | Found a transporter.
  1728 | D:6      | Noticed a kobold demonologist
  1740 | D:6      | Found a transporter.
  1901 | D:6      | Reached skill level 9 in Unarmed Combat
  2028 | D:7      | Reached XP level 9. HP: 89/89 MP: 8/8
  2207 | D:7      | Reached skill level 10 in Unarmed Combat
  2256 | D:7      | Found a staircase to the Ecumenical Temple.
  2264 | Temple   | Entered the Ecumenical Temple
  2277 | Temple   | Became a worshipper of Cheibriados the Contemplative
  2277 | Temple   | Reached * piety under Cheibriados
  2277 | Temple   | Reached ** piety under Cheibriados
  2403 | D:8      | Reached skill level 1 in Invocations
  2444 | D:8      | Reached skill level 11 in Unarmed Combat
  2485 | D:8      | Reached XP level 10. HP: 96/98 MP: 10/10
  2534 | D:10     | Entered Level 10 of the Dungeon
  2669 | D:9      | Found a radiant altar of Vehumet.
  2692 | D:9      | Noticed a two-headed ogre
  2714 | D:9      | Killed a two-headed ogre
  2715 | D:9      | Reached skill level 5 in Shields
  2741 | D:9      | You fall into a shaft and drop 2 floors!
  2742 | D:11     | Noticed a cyclops
  2750 | D:11     | Killed a cyclops
  2750 | D:11     | Reached *** piety under Cheibriados
  2784 | D:11     | Reached skill level 12 in Unarmed Combat
  2804 | D:11     | Identified the +8 long sword of Superiority {drain, rF+
                  | Dex+3}
  2820 | D:11     | Found the +0 staff of Battle
  2820 | D:11     | Noticed a five-headed hydra
  2829 | D:11     | Killed a nine-headed hydra
  2860 | D:10     | Noticed a gargoyle
  2871 | D:10     | Killed a gargoyle
  2979 | D:9      | Found a staircase to the Lair.
  3091 | D:9      | Noticed Maggie
  3100 | D:9      | Killed Maggie
  3125 | D:9      | Found a staircase to the Orcish Mines.
  3135 | Orc:1    | Entered Level 1 of the Orcish Mines
  3160 | Orc:1    | Reached XP level 11. HP: 92/106 MP: 13/13
  3177 | Orc:1    | Reached **** piety under Cheibriados
  3198 | Orc:2    | Entered Level 2 of the Orcish Mines
  3205 | Orc:2    | Noticed an orc high priest
  3250 | Orc:1    | Noticed an orc high priest
  3327 | Lair:1   | Entered Level 1 of the Lair of Beasts
  3365 | Lair:2   | Reached skill level 5 in Invocations
  3518 | Lair:1   | Identified the +5 helmet of the Hall of Blades {Fly Str+5
                  | Int+4}
  3541 | Lair:1   | Reached skill level 13 in Unarmed Combat
  3551 | Lair:2   | Found a broken altar of Ashenzari.
  3554 | Lair:2   | Noticed a catoblepas
  3563 | Lair:2   | Killed a catoblepas
  3700 | Lair:3   | Found a hole to the Spider Nest.
  3747 | Lair:2   | Learned a level 1 spell: Apportation
  3749 | Lair:2   | Learned a level 1 spell: Animate Skeleton
  3786 | Lair:3   | Noticed Sonja
  3794 | Lair:2   | Killed Sonja
  3805 | Lair:3   | Reached ***** piety under Cheibriados
  3806 | Lair:3   | Reached skill level 1 in Translocations
  3865 | Lair:3   | Reached skill level 1 in Spellcasting
  3921 | Lair:3   | Reached XP level 12. HP: 115/115 MP: 15/15
  3927 | Lair:3   | Identified the +6 broad axe "Uliwo" {drain, rElec rPois}
  4051 | Lair:3   | Reached skill level 14 in Unarmed Combat
  4052 | Lair:3   | Found a staircase to the Shoals.
  4155 | Lair:5   | Noticed an eight-headed hydra
  4160 | Lair:5   | Killed a nine-headed hydra
  4387 | Lair:4   | Learned a level 2 spell: Slow
  4444 | Lair:5   | Found a blossoming altar of Fedhas.
  4460 | Lair:6   | Entered Level 6 of the Lair of Beasts
  4583 | Lair:6   | Noticed a seven-headed hydra
  4588 | Lair:6   | Killed an eight-headed hydra
  4699 | Lair:6   | Reached XP level 13. HP: 124/124 MP: 16/16
  4772 | Lair:6   | Reached skill level 5 in Translocations
  4778 | Lair:6   | Reached ****** piety under Cheibriados
  4855 | Lair:6   | Reached skill level 15 in Unarmed Combat
  4855 | Lair:6   | Reached skill level 1 in Hexes
  5064 | Lair:6   | Found a staircase to the Slime Pits.
  5064 | Lair:6   | Found a viscous altar of Jiyva.
  5081 | Lair:6   | Reached skill level 1 in Necromancy
  5465 | D:12     | Noticed Psyche
  5468 | D:12     | Killed Psyche
  5646 | D:12     | Found a portal to a secret trove of treasure.
  5690 | D:12     | Noticed Josephine
  5693 | D:12     | Noticed Kirke
  5694 | D:12     | Killed Josephine
  5695 | D:12     | Reached XP level 14. HP: 123/137 MP: 11/17
  5707 | D:12     | Killed Kirke
  5994 | D:13     | Reached skill level 16 in Unarmed Combat
  6215 | D:13     | Found a gate to the Vaults.
  6215 | D:13     | Noticed an ironbound preserver
  6226 | D:13     | Killed an ironbound preserver
  6227 | D:13     | Reached skill level 1 in Armour
  6376 | D:15     | Entered Level 15 of the Dungeon
  6414 | D:15     | Found a stormy altar of Qazlal.
  6547 | D:15     | Found a gate leading to a gauntlet.
  6556 | Gauntlet | Entered a Gauntlet
  6556 | Gauntlet | Found a transporter.
  6556 | Gauntlet | Found a transporter.
  6556 | Gauntlet | Found a runed translucent door.
  6558 | Gauntlet | Found a transporter.
  6558 | Gauntlet | Found a transporter.
  6574 | Gauntlet | Found a transporter.
  6578 | Gauntlet | Found a runed translucent door.
  6580 | Gauntlet | Found a runed translucent door.
  6582 | Gauntlet | Found a transporter.
  6586 | Gauntlet | Found a transporter.
  6597 | Gauntlet | Found a transporter.
  6607 | Gauntlet | Found a runed translucent door.
  6611 | Gauntlet | Found a transporter.
  6624 | Gauntlet | Found a transporter.
  6628 | Gauntlet | Found a transporter.
  6636 | Gauntlet | Found a transporter.
  6644 | Gauntlet | Found a runed translucent door.
  6757 | Gauntlet | Identified the amulet "Idoun" {Acrobat Drain Int+4 Slay+3
                  | Stlth+}
  6779 | Gauntlet | Identified the ring "Uvoicri" {rElec rF+ rN+ Dex-5 SInv}
  6795 | Gauntlet | Identified the ring "Lonaryl" {Fly rElec rF+ rC- Str+6}
  6800 | Gauntlet | Identified the +1 helmet of the Zebra {Str+4 Dex-3}
  6988 | D:14     | Found a runed translucent door.
  6990 | D:14     | Identified the +1 trident of Iconoclasm {vorpal, rPois
                  | Str-5 Int+8 Dex+2}
  6993 | D:14     | Noticed Zenexuts's ghost (journeyman DsFi)
  7269 | Orc:2    | Reached XP level 15. HP: 134/148 MP: 19/19
  7293 | Orc:2    | Found a staircase to the Elven Halls.
  7331 | Orc:2    | Found Edgheptat's Antique Armour Shoppe.
  7354 | Orc:2    | Reached skill level 5 in Dodging
  7428 | Orc:2    | Found Domulauf's General Store.
  7432 | Orc:2    | Found Lyisimn's General Store.
  7443 | Orc:2    | Found Wyaheob's General Store.
  7451 | Orc:2    | Bought a scroll of fog for 24 gold pieces
  7451 | Orc:2    | Bought a potion of curing for 36 gold pieces
  7451 | Orc:2    | Bought a potion of attraction for 36 gold pieces
  7451 | Orc:2    | Bought a scroll of teleportation for 36 gold pieces
  7456 | Orc:2    | Bought a scroll of fog for 24 gold pieces
  7456 | Orc:2    | Bought a potion of curing for 36 gold pieces
  7462 | Orc:2    | Bought the ring "Cadan" {rCorr Str+5} for 600 gold pieces
  7648 | Spider:1 | Entered Level 1 of the Spider Nest
  7671 | Spider:2 | Reached skill level 10 in Fighting
  7719 | Spider:2 | Reached skill level 5 in Armour
  7776 | Spider:3 | Reached skill level 17 in Unarmed Combat
  7925 | Spider:4 | Entered Level 4 of the Spider Nest
  7943 | Spider:4 | Noticed a ghost moth
  7954 | Spider:3 | Killed a ghost moth
  7969 | Spider:2 | Identified the +0 leather armour of Behullot {rPois rF-
                  | rN++ rCorr}
  8114 | Spider:4 | Reached XP level 16. HP: 147/159 MP: 21/21
  8400 | Spider:4 | Reached skill level 18 in Unarmed Combat
  8474 | Spider:4 | Got a gossamer rune of Zot
  8632 | Shoals:1 | Entered Level 1 of the Shoals
  8873 | Shoals:3 | Found a frozen archway.
  8890 | Shoals:3 | Reached skill level 10 in Invocations
  8931 | IceCv    | Entered an ice cave
  8984 | IceCv    | Identified the +6 scimitar of Buivuaz {speed, rPois rF- rC-
                  | Str+5}
  9057 | IceCv    | Reached XP level 17. HP: 170/170 MP: 23/23
  9206 | IceCv    | Noticed an Ice Fiend
  9208 | IceCv    | Killed an Ice Fiend
  9222 | IceCv    | Identified the +2 pair of boots of the Onion {Dex+2}
  9225 | IceCv    | Identified the ring of Doubts {rN+ Int+5}
  9350 | Shoals:3 | HP: 3/170 [snapping turtle (15)]
  9355 | Shoals:3 | Upgraded the game from 0.27-a0-931-g5a74e75d8f to
                  | 0.27-a0-951-gae3e1deef5
  9360 | Shoals:3 | Reached skill level 1 in Throwing
  9403 | Shoals:3 | Identified the +5 dagger of Terra Cotta {vorpal, rElec
                  | Will- Int+2}
  9489 | Shoals:4 | Entered Level 4 of the Shoals
  9502 | Shoals:4 | Noticed Bai Suzhen
  9537 | Shoals:4 | Reached skill level 19 in Unarmed Combat
  9700 | Shoals:4 | Noticed Nikola
  9728 | Shoals:4 | Killed Nikola
  9900 | Shoals:4 | Killed Bai Suzhen
  9901 | Shoals:4 | Reached skill level 5 in Throwing
  9936 | Shoals:4 | Identified the +1 robe of the Past {rC+ Str+4 Slay+2
                  | Stlth+}
  9949 | Shoals:4 | Got a barnacled rune of Zot
 10121 | Shoals:2 | Noticed Polyphemus
 10138 | Shoals:2 | Reached XP level 18. HP: 172/182 MP: 25/25
 10163 | Shoals:2 | Killed Polyphemus
 10190 | Shoals:2 | Learned a level 6 spell: Statue Form
 10311 | Slime:1  | Entered Level 1 of the Pits of Slime
 10329 | Slime:1  | Reached skill level 1 in Transmutations
 10329 | Slime:1  | Reached skill level 1 in Earth Magic
 10624 | Slime:2  | Reached skill level 5 in Earth Magic
 10648 | Slime:2  | Mangled by a large slime creature

Illustrated notes

Levels and vault maps discovered:
D:1:      matt_arrival_spirals, layout_loops_cross
D:2:      layout_loops_ring, basic_altar, shapermc_ecumenical_altar_venn,
          chequers_arboretum, minmay_misc_feat_hallway
D:3:      layout_basic, minmay_crystal_water, interstate_on_off, uniq_terence,
          uniq_robin
D:4:      layout_basic, minmay_a_box_with_orc_wizards_in_it, uniq_blork_the_orc
D:5:      layout_basic, gup_sewer_entry_pipe, gammafunk_ghost_split, minivault_4
D:6:      gammafunk_wand_slinger, layout_loops_cross
D:7:      layout_cave_pools, minmay_temple_entry_glassed_door
D:8:      layout_basic, palyth_stone_intersect
D:9:      layout_irregular_city, amcnicky_altar_gilded, dpeg_oklobed_lair,
          hiddenorc1_lemuel, uniq_maggie
D:10:     layout_basic
D:11:     layout_roguey, uniq_nergalle, uniq_erolcha
D:12:     minmay_stepped, layout_basic, nicolae_trove_entry_crystal, uniq_kirke,
          uniq_psyche, uniq_josephine
D:13:     layout_stronghold, skrybe_vaults_entry_preservation
D:14:     layout_long_grid, ebering_ghost_funeral_grove
D:15:     grunt_enter_depths_snipers, layout_small_grid,
          nicolae_qazlal_general_emergency, gauntlet_entry_generic
Temple:   grunt_wide_crystal_templ
Lair:1:   layout_long_grid, beast_lair_carwin_4
Lair:2:   layout_regular_city, basic_altar, chequers_serial_rivers_large_a
Lair:3:   layout_small_grid, elwin_shoals_entry_rocks, spider_nest_entry_a,
          special_room [special_room_bee], gammafunk_lair_bear_cave,
          uniq_rupert, uniq_sonja
Lair:4:   layout_loops_ring, kennysheep_rathole, serial_bayou_shore_b,
          serial_bayou_shore_a
Lair:5:   layout_small_grid, basic_altar, st_stairs_12
Lair:6:   grunt_lair_end_beastmaster, layout_regular_city, slime_altar_1,
          kennysheep_basilisk_garden, infiniplex_staircase_pool
Shoals:1: cheibrodos_shoals_oceanic_diplomacy, layout_shoals,
          gammafunk_ghost_split
Shoals:2: layout_shoals, st_cyclops, uniq_louise, uniq_polyphemus, uniq_ilsuiw
Shoals:3: layout_shoals, portal_ice_cave_entry_ice_statue_two,
          hangedman_shoals_cup_caves
Shoals:4: shoals_end_simple, layout_shoals,
          nicolae_shoals_stone_sculpture_thing, uniq_bai_suzhen, uniq_nikola
Spider:1: layout_spider_delve
Spider:2: layout_spider_delve
Spider:3: layout_spider_delve
Spider:4: floodkiller_spider_rune_tomb
Slime:1:  layout_caves
Slime:2:  layout_caves, special_room [special_room_jelly]
Orc:1:    layout_caves, guppyfry_library_mini, uniq_gastronok
Orc:2:    st_orc_open, layout_diamond_mine, uniq_snorg

Skill      XL: |  1  2  3  4  5  6  7  8  9 10 11 12 13 14 15 16 17 18 |
---------------+-------------------------------------------------------+-----
Unarmed Combat | 4 5 6 8 9 11 12 13 14 15 16 17 18 19 | 19.6
Fighting       | 3 4 5 6 7 8 9 10 11 12 | 12.0
Shields        | 1 3 4 6 7 8 9 |  9.0
Invocations    | 2 4 6 7 8 10 11 | 11.1
Translocations | 2 4 5 |  5.0
Spellcasting   | 1 2 3 4 |  4.0
Hexes          | 2 3 |  3.0
Necromancy     | 2 3 |  3.0
Armour         | 3 5 |  5.0
Dodging        | 4 6 8 9 |  9.2
Throwing       | 5 6 |  6.3
Transmutations | 4 |  4.4
Earth Magic    | 5 |  5.4
Stealth        | |  1.0

Action                   |  1- 3 |  4- 6 |  7- 9 | 10-12 | 13-15 | 16-18 || total
-------------------------+-------+-------+-------+-------+-------+-------++-------
Melee: Unarmed           |    60 |   137 |   266 |   460 |   715 |   795 ||  2433
       Punch             |       |     3 |       |       |       |       ||     3
       Whip              |       |     1 |       |       |       |       ||     1
Throw: Dart              |       |       |    17 |    18 |    17 |       ||    52
       Large rock        |       |       |       |       |       |    10 ||    10
       Javelin           |       |       |       |       |       |    16 ||    16
 Cast: Apportation       |       |       |       |    23 |    89 |    77 ||   189
       Animate Skeleton  |       |       |       |       |     4 |       ||     4
       Slow              |       |       |       |       |       |     1 ||     1
Invok: Slouch            |       |       |       |     2 |     7 |    14 ||    23
       Temporal Distorti |       |       |       |       |       |    11 ||    11
Evoke: Wand              |       |       |       |    17 |    16 |    10 ||    43
       Lightning rod     |       |       |       |     4 |     9 |       ||    13
       Tin of tremorston |       |       |       |       |     4 |     3 ||     7
  Use: Scroll            |       |     1 |     5 |     8 |    19 |     2 ||    35
       Potion            |       |       |       |       |     1 |     6 ||     7
 Stab: Sleeping          |     2 |     1 |       |     3 |     6 |     3 ||    15
       Paralysed         |       |       |       |     9 |       |       ||     9
       Distracted        |       |       |       |     1 |     3 |     3 ||     7
       Petrifying        |       |       |       |       |       |     3 ||     3
       Petrified         |       |       |       |       |       |     2 ||     2
Armor: Robe              |    13 |    36 |    74 |     9 |       |       ||   132
       Swamp dragon scal |       |       |       |    90 |   200 |   190 ||   480
Dodge: Dodged            |    18 |    54 |    64 |    92 |   255 |   535 ||  1018
Block: Other             |    15 |    23 |    11 |       |     1 |       ||    50
       Reflection        |       |     2 |     8 |     3 |    16 |       ||    29
       Kite shield       |       |       |   140 |   349 |   591 |   783 ||  1863

Table legend: (Time is in decaauts)
 A = Elapsed time spent in this place.
 B = Non-inter-level travel time spent in this place.
 C = Inter-level travel time spent in this place.
 D = Time resting spent in this place.
 E = Time spent auto-exploring this place.
 F = Levels seen in this place.
 G = Mean time per level.
                   A        B        C        D        E       F      G
               +--------+--------+--------+--------+--------+-----+--------+
         Total |  15156 |  15156 |      0 |      0 |      0 |  37 |  409.6 |
       Dungeon |   6239 |   6239 |      0 |      0 |      0 |  15 |  415.9 |
        Temple |     32 |     32 |      0 |      0 |      0 |   1 |   32.0 |
          Lair |   3445 |   3445 |      0 |      0 |      0 |   6 |  574.2 |
        Shoals |   1830 |   1830 |      0 |      0 |      0 |   4 |  457.5 |
   Spider Nest |   1339 |   1339 |      0 |      0 |      0 |   4 |  334.8 |
    Slime Pits |    354 |    354 |      0 |      0 |      0 |   2 |  177.0 |
  Orcish Mines |    492 |    492 |      0 |      0 |      0 |   2 |  246.0 |
         Sewer |    470 |    470 |      0 |      0 |      0 |   1 |  470.0 |
      Ice Cave |    536 |    536 |      0 |      0 |      0 |   1 |  536.0 |
      Gauntlet |    415 |    415 |      0 |      0 |      0 |   1 |  415.0 |
               +--------+--------+--------+--------+--------+-----+--------+

Top non-repeatable levels by time:
  Lair:6: 1016 daAuts
    D:12: 920 daAuts
    D:13: 832 daAuts
Shoals:4: 764 daAuts
Spider:4: 736 daAuts
     D:9: 721 daAuts
Shoals:3: 622 daAuts
  Lair:3: 576 daAuts
  Lair:1: 562 daAuts
   IceCv: 536 daAuts
    D:15: 531 daAuts
  Lair:5: 479 daAuts
  Lair:2: 474 daAuts
   Sewer: 470 daAuts
     D:8: 458 daAuts
